 Dungeon Crawl Stone Soup version 0.30-a0-368-g86fb4627a9 (webtiles) character file.

Game seed: 16046117826853407786

177220 Lobster4 the Warrior (level 18, -1/149 HPs)
             Began as a Human Wanderer on Nov 19, 2022.
             Was an Elder of Uskayaw.
             Killed from afar by a crystal guardian (47 damage)
             ... with a crystal bolt
             ... led by a peacekeeper
             ... on level 1 of the Vaults.
             The game lasted 02:42:07 (41975 turns).

Lobster4 the Warrior (Human Wanderer)              Turns: 41975, Time: 02:42:07

Health: -1/149     AC: 26    Str: 14    XL:     18   Next: 48%
Magic:  13/25      EV: 19    Int: 14    God:    Uskayaw [****..]
Gold:   862        SH: 14    Dex: 25    Spells: 20/27 levels left

rFire   . . .      SeeInvis +    a - +4 scimitar (flame)
rCold   . . .      Faith    .    T - +1 buckler {AC+3}
rNeg    . . .      Spirit   .    e - +4 acid dragon scales "Unenyru" {rCorr Dex+4}
rPois   +          Reflect  +    H - +1 helmet {Int+3}
rElec   .          Harm     .    j - +1 cloak
rCorr   +          Rampage  .    l - +1 pair of gloves of Insurance {Regen+}
Will    ++...      Clarity  +    m - +1 pair of boots {Stlth+}
Stlth   +++.......               B - amulet of reflection
HPRegen 1.24/turn                u - ring of willpower
MPRegen 0.19/turn                R - ring of see invisible

@: no status effects
A: clarity, poison resistance, MP-powered wands
}: 1/15 runes: gossamer
a: Renounce Religion, Stomp, Line Pass


You were on level 1 of the Vaults.
You worshipped Uskayaw.
Uskayaw was aware of your devotion.
You visited 6 branches of the dungeon, and saw 28 of its levels.

You collected 2927 gold pieces.
You spent 2065 gold pieces at shops.

Inventory:

Hand Weapons
 a - a +4 scimitar of flaming (weapon)
 b - the +8 sling of the Ghost {antimagic, Dex+4}
   (You found it on level 5 of the Lair of Beasts)

   It reduces the magical energy of the wielder, and disrupts the spells and
   magical abilities of those it strikes.
   Natural abilities and divine invocations are not affected.
   Dex:       It affects your dexterity (+4).
 r - a +1 scimitar of holy wrath
 J - a +2 vorpal long sword
 L - the +2 falchion of the Skies Above {venom, *Slow rElec rF++ Int-3}
   (You found it on level 4 of the Spider Nest)

   It poisons the flesh of those it strikes.
   Int:       It affects your intelligence (-3).
   rF:        It greatly protects you from fire.
   rElec:     It insulates you from electricity.
   *Slow:     It may slow you when you take damage.
 M - a +1 short sword of venom
Missiles
 D - 9 javelins (quivered)
 I - 15 poisoned darts
 N - a throwing net
 O - 2 curare-tipped darts
Armour
 e - the +4 acid dragon scales "Unenyru" (worn) {rCorr Dex+4}
   (You bought it in a shop on level 2 of the Orcish Mines)

   Dex:       It affects your dexterity (+4).
   rCorr:     It protects you from acid and corrosion.
 j - a +1 cloak (worn)
 l - the +1 pair of gloves of Insurance (worn) {Regen+}
   (You found it on level 4 of the Spider Nest)

   Regen:     It increases your rate of health regeneration.
 m - a +1 pair of boots of stealth (worn)
 H - a +1 helmet of intelligence (worn)
 Q - a +1 ring mail of fire resistance
 T - a +1 buckler of protection (worn)
 Y - a +2 robe of cold resistance
Jewellery
 f - a ring of willpower
 u - a ring of willpower (left hand)
 A - an amulet of regeneration
 B - an amulet of reflection (around neck)
 R - a ring of see invisible (right hand)
 X - a ring of ice
Wands
 d - a wand of flame (12)
 z - a wand of mindburst (2)
 G - a wand of polymorph (14)
 K - a wand of paralysis (11)
Scrolls
 c - 5 scrolls of teleportation
 g - 3 scrolls of immolation
 h - 2 scrolls of silence
 x - 5 scrolls of enchant weapon
 y - 3 scrolls of brand weapon
 F - a scroll of magic mapping
 P - 4 scrolls of blinking
 V - 2 scrolls of fear
 W - 3 scrolls of butterflies
 Z - 2 scrolls of poison
Potions
 k - 3 potions of haste
 n - 4 potions of curing
 o - 3 potions of lignification
 p - 2 potions of might
 q - 3 potions of experience
 s - 2 potions of cancellation
 t - 5 potions of ambrosia
 w - 3 potions of brilliance
 C - 2 potions of heal wounds
 E - 2 potions of resistance
 U - 3 potions of flight
Miscellaneous
 i - a condenser vane (inert)
 v - a phantom mirror
 S - a tin of tremorstones (2/2)


   Skills:
 + Level 15.5 Fighting
 - Level 4.0(10.1) Short Blades
 + Level 14.3(14.5) Long Blades
 + Level 8.1 Ranged Weapons
 - Level 3.0 Throwing
 - Level 11.0 Armour
 - Level 10.0 Dodging
 - Level 1.0 Stealth
 - Level 10.0 Shields
 - Level 5.0 Spellcasting
 - Level 5.0 Hexes
 - Level 10.0 Summonings
 + Level 9.8 Invocations
 - Level 3.0 Evocations


You had 20 spell levels left.
You knew the following spells:

 Your Spells              Type           Power      Damage    Failure   Level
a - Summon Small Mammal   Summ           100%       N/A       1%          1
b - Call Canine Familiar  Summ           31%        N/A       1%          3
c - Summon Guardian Gole  Hex/Summ       24%        N/A       3%          3

Your spell library contained the following spells:

 Spells                   Type           Power      Damage    Failure   Level
 Ensorcelled Hibernation  Hex/Ice        20%        N/A       16%         2
 Apportation              Tloc           6%         N/A       28%         1
 Freeze                   Ice            12%        1d3       28%         1
 Necrotise                Necr           12%        1d4       28%         1
 Portal Projectile        Hex/Tloc       20%        N/A       30%         3
 Passwall                 Tmut/Erth      2%         N/A       38%         2
 Scorch                   Fire           6%         2d5       38%         2
 Summon Cactus Giant      Summ           15%        N/A       56%         6
 Frozen Ramparts          Ice            6%         1d1       63%         3
 Hailstorm                Conj/Ice       3%         3d3       63%         3
 Ignite Poison            Fire/Tmut/Pois 3%         N/A       63%         3
 Swiftness                Air            3%         N/A       63%         3
 Vampiric Draining        Necr           3%         2d6       63%         3
 Anguish                  Hex/Necr       5%         N/A       69%         4
 Leda's Liquefaction      Hex/Erth       5%         N/A       69%         4
 Flame Wave               Conj/Fire      3%         2d5       95%         4
 Manifold Assault         Tloc           3%         N/A       95%         4
 Sticky Flame             Conj/Fire      3%         2d3       95%         4
 Agony                    Necr           3%         N/A       100%        5
 Dispersal                Tloc           1%         N/A       100%        6
 Enfeeble                 Hex            8%         N/A       100%        7
 Orb of Destruction       Conj           1%         9d5       100%        7
 Spellforged Servitor     Conj/Summ      8%         N/A       100%        7
 Disjunction              Tloc           1%         N/A       100%        8
 Ignition                 Fire           1%         3d3       100%        8


Dungeon Overview and Level Annotations

Branches:
Dungeon (15/15)            Temple (1/1) D:7            Lair (5/5) D:8
 Shoals (0/4) Lair:2       Spider (4/4) Lair:2        Slime (0/5) Lair:5
    Orc (2/2) D:12            Elf (0/3) Orc:2        Vaults (1/5) D:14
 Depths (0/4) D:15

Altars:
Ashenzari
Cheibriados
Dithmenos
Elyvilon
Fedhas
Gozag
Hepliaklqana
Kikubaaqudgha
Makhleb
Nemelex Xobeh
Okawaru
Qazlal
Ru
Sif Muna
Trog
Uskayaw
Vehumet
Wu Jian
Xom
Yredelemnul
Zin
The Shining One
Jiyva

Shops:
D:4 =[(   D:6 [   D:13 *   D:15 *   Orc:2 [!?(   Vaults:1 *

Annotations:
D:3 1 exclusion


Innate Abilities, Weirdness & Mutations

You possess an exceptional clarity of mind.
Your system is resistant to poisons. (rPois)
You expend magic power (3 MP) to strengthen your wands.


Message History

You slash the crystal guardian!
The crystal guardian is heavily damaged.
The crystal guardian hits you.
You hit the crystal guardian but do no damage.
The crystal guardian is heavily damaged.
You hit the crystal guardian but do no damage.
The crystal guardian is heavily damaged.
The crystal guardian fires a crystalline bolt at you.
The crystal bolt freezes you!
You hit the crystal guardian but do no damage.
The crystal guardian is heavily damaged.
The crystal guardian fires a crystalline bolt at you.
The crystal bolt misses you.
You hit the crystal guardian but do no damage.
The crystal guardian is moderately damaged.
The crystal guardian hits you!
* * * LOW HITPOINT WARNING * * *
You hit the crystal guardian but do no damage.
The crystal guardian is moderately damaged.
The crystal guardian fires a crystalline bolt at you.
The crystal bolt misses you.
You hit the crystal guardian but do no damage.
The crystal guardian is moderately damaged.
You completely miss the crystal guardian.
The crystal guardian is moderately damaged.
The crystal guardian hits you.
* * * LOW HITPOINT WARNING * * *
You hit the crystal guardian.
The crystal guardian is heavily damaged.
The crystal guardian barely misses you.
You completely miss the crystal guardian.
The crystal guardian is heavily damaged.
You slash the crystal guardian!
The crystal guardian is severely damaged.
The crystal guardian hits you but does no damage.
You hit the crystal guardian but do no damage.
The crystal guardian is heavily damaged.
The crystal guardian fires a crystalline bolt at you.
The crystal bolt burns you!!!
You die...

#!...# # #....# ######
#....# #..... #....# #.....
#....# #..... #....# #.....
#....# #..... #....# #.....
#@)..# #..... #9)..# #.....
###########.)..###########'#
...$..9.....................
............................
.9.........................#
...........................#
...........................#
.###############...........#


You could see a crystal guardian.

Vanquished Creatures
  Rupert (Orc:2)
  A sphinx (Vaults:1)
  A tengu reaver (D:13)
  Donald (Spider:3)
  Agnes (D:15)
  3 emperor scorpions
  7 ghost moths
  An orc warlord (D:12)
  A war gargoyle (Vaults:1)
  A broodmother (Spider:4)
  Nessos (Lair:4)
  Azrael (Spider:1)
  A dire elephant (D:15)
  An ettin (D:13)
  Josephine (D:15)
  5 entropy weavers
  A great orb of eyes (Vaults:1)
  6 vault guards (D:14)
  Fannar (Lair:3)
  A peacekeeper (Vaults:1)
  Erolcha (D:13)
  5 hydras
  2 catoblepae
  A boulder beetle (Spider:4)
  2 jorogumos
  A death knight (D:13)
  8 centaur warriors
  3 two-headed ogres
  4 radroaches
  2 tengu warriors
  An orc high priest (Orc:2)
  Sonja (D:12)
  Amaemon (D:8)
  A goliath frog (Lair:5)
  5 pharaoh ants
  2 sun moths
  A skeletal warrior (D:14)
  7 orb spiders
  4 steelbarb worms
  4 orc knights
  Pikel (D:8)
  A deep elf pyromancer (D:14)
  5 harpies (Vaults:1)
  An oklob plant (Lair:5)
  19 wolf spiders
  8 orc sorcerers
  6 manticores
  3 moths of wrath
  13 ugly things
  A salamander (D:15)
  5 cyclopes
  3 black mambas
  9 elephants
  Maggie (D:6)
  A vault sentinel (Vaults:1)
  2 gargoyles
  An orange demon (D:8)
  19 cane toads
  An unseen horror (shapeshifter) (D:14)
  Psyche (D:8)
  A rime drake (Lair:3)
  5 torpor snails
  10 demonic crawlers
  An efreet (D:14)
  7 komodo dragons
  2 tyrant leeches
  3 burning bushes (Lair:4)
  A polar bear (Lair:5)
  5 trolls
  2 hornets
  16 tarantellas
  19 slime creatures
  A blink frog (shapeshifter) (D:15)
  32 blink frogs
  17 culicivoras
  2 shadows (D:10)
  2 vampires (D:12)
  26 jumping spiders
  3 water elementals
  3 wyverns
  6 wraiths
  41 yaks
  4 basilisks
  A fire elemental (Spider:1)
  51 redbacks
  13 vampire mosquitoes
  Edmund (D:6)
  7 wargs
  4 acid dragons
  3 hell hounds (Spider:1)
  31 orc warriors
  A sky beast (D:7)
  22 water moccasins
  4 ice beasts
  3 black bears
  10 ogres
  2 phantoms
  A tengu (shapeshifter) (D:13)
  2 centaurs
  4 lemures
  2 kobold brigands
  Blork the orc (D:6)
  2 gnoll sergeants
  17 bullfrogs
  2 scorpions
  3 killer bees (D:9)
  4 howler monkeys
  5 electric eels
  7 hounds
  2 jellies
  Crazy Yiuf (D:6)
  21 orc priests
  8 iguanas
  39 orc wizards
  11 gnolls
  8 adders
  3 shadow imps (D:5)
  5 white imps
  2 ufetubi
  A worm (D:3)
  2 dart slugs
  69 orcs
  4 ball pythons
  7 endoplasms
  2 giant cockroaches
  10 goblins
  6 hobgoblins
  2 jackals (D:3)
  13 kobolds
  2 quokkas
  6 bats
  4 frilled lizards
  6 rats
840 creatures vanquished.

Vanquished Creatures (collateral kills)
  Arachne (Spider:2)
  A vault guard (D:14)
  A hydra (Lair:5)
  A pharaoh ant (Spider:2)
  A sun moth (Spider:4)
  Lodul (D:12)
  A salamander (shapeshifter) (D:13)
  2 wolf spiders
  A cane toad (Lair:5)
  A tarantella (Spider:4)
  3 culicivoras (Spider:4)
  4 jumping spiders
  A yak (Lair:5)
  A vampire mosquito (Lair:5)
  2 redbacks
  4 ogres (D:12)
  An electric eel (Lair:5)
27 creatures vanquished.

Vanquished Creatures (others)
  A wolf spider (Spider:4)
  A tarantella (Spider:4)
  A culicivora (Spider:4)
  3 redbacks
  An orc warrior (D:12)
  An orc wizard (Orc:1)
  A kobold (D:8)
  38 fungi
  98 plants
145 creatures vanquished.

Grand Total: 1012 creatures vanquished

Notes
Turn   | Place    | Note
-------+----------+-------------------------------------------
     0 | D:1      | Lobster4 the Human Wanderer began the quest for the Orb.
     0 | D:1      | Lobster4 set off with the following items: a +0 short
                  | sword, a +2 scale mail, a scroll of teleportation, a potion
                  | of heal wounds.
     0 | D:1      | Reached XP level 1. HP: 15/15 MP: 1/1
   171 | D:1      | Reached XP level 2. HP: 21/21 MP: 2/2
   421 | D:1      | Reached skill level 1 in Dodging
   657 | D:2      | Reached XP level 3. HP: 25/27 MP: 3/3
   958 | D:2      | Reached skill level 2 in Fighting
  1031 | D:2      | Reached XP level 4. HP: 33/33 MP: 4/4
  1546 | D:3      | Reached skill level 1 in Throwing
  1676 | D:3      | Reached skill level 1 in Long Blades
  1676 | D:3      | Reached XP level 5. HP: 36/39 MP: 5/5
  2118 | D:3      | Found a faded altar of an unknown god.
  2487 | D:4      | Found Leanedoiny's Jewellery Shoppe.
  2630 | D:4      | Found Ydoagg's Antique Armour Shop.
  2649 | D:4      | Found Ehen's Weapon Boutique.
  2734 | D:4      | Reached XP level 6. HP: 44/46 MP: 4/6
  3245 | D:5      | Entered Level 5 of the Dungeon
  3511 | D:4      | Reached skill level 3 in Fighting
  3677 | D:4      | Reached skill level 5 in Armour
  3950 | D:5      | Reached XP level 7. HP: 22/52 MP: 4/7
  4140 | D:5      | Noticed a water moccasin
  4141 | D:5      | Gained mutation: You possess an exceptional clarity of
                  | mind. [potion of mutation]
  4141 | D:5      | Gained mutation: Your system is resistant to poisons.
                  | (rPois) [potion of mutation]
  4150 | D:5      | Killed a water moccasin
  4151 | D:5      | Reached skill level 1 in Shields
  4187 | D:5      | Learned a level 3 spell: Call Canine Familiar
  4492 | D:5      | Reached skill level 4 in Fighting
  4492 | D:5      | Reached skill level 1 in Spellcasting
  4492 | D:5      | Reached skill level 1 in Summonings
  4492 | D:5      | Reached XP level 8. HP: 24/60 MP: 4/9
  5267 | D:6      | Found Pusur's Armour Shop.
  5474 | D:6      | Noticed Blork the orc
  5586 | D:4      | Bought a +1 vorpal long sword for 122 gold pieces
  5695 | D:6      | Killed Blork the orc
  5911 | D:6      | Noticed Edmund
  5928 | D:6      | Killed Edmund
  5929 | D:6      | Reached skill level 5 in Fighting
  5929 | D:6      | Reached skill level 5 in Long Blades
  5929 | D:6      | Reached XP level 9. HP: 63/68 MP: 12/12
  5958 | D:6      | Noticed Maggie
  5971 | D:6      | Killed Maggie
  5972 | D:6      | Reached skill level 6 in Fighting
  6396 | D:6      | Noticed a komodo dragon
  6885 | D:7      | Reached skill level 5 in Shields
  7001 | D:7      | Reached skill level 8 in Fighting
  7001 | D:7      | Reached XP level 10. HP: 82/82 MP: 13/13
  7420 | D:7      | Found a staircase to the Ecumenical Temple.
  7523 | Temple   | Entered the Ecumenical Temple
  7752 | Temple   | Became a worshipper of Uskayaw the Reveller
  7872 | D:8      | Noticed Pikel
  7946 | D:7      | Reached * piety under Uskayaw
  7950 | D:7      | Reached ** piety under Uskayaw
  7953 | D:7      | Reached *** piety under Uskayaw
  7958 | D:7      | Reached **** piety under Uskayaw
  8157 | D:8      | Paralysed by a hornet for 2 turns
  8161 | D:8      | Reached skill level 9 in Fighting
  8161 | D:8      | Reached XP level 11. HP: 83/89 MP: 11/14
  8195 | D:8      | Noticed Psyche
  8221 | D:8      | Killed Psyche
  8222 | D:8      | Reached skill level 10 in Shields
  8352 | D:8      | Found a staircase to the Lair.
  8414 | D:8      | Killed Pikel
  8665 | D:8      | Noticed Amaemon
  8693 | D:8      | Killed Amaemon
  8694 | D:8      | Reached skill level 1 in Invocations
  8694 | D:8      | Reached skill level 1 in Evocations
  8701 | D:8      | Reached ***** piety under Uskayaw
  9734 | D:10     | Entered Level 10 of the Dungeon
  9924 | D:9      | Found a shimmering altar of Xom.
 10614 | D:6      | Found a runed translucent door.
 10615 | D:6      | Noticed Crazy Yiuf
 10625 | D:6      | Killed Crazy Yiuf
 11023 | D:11     | Noticed a cyclops
 11033 | D:11     | Killed a cyclops
 11111 | D:11     | Noticed a two-headed ogre
 11129 | D:11     | Killed a two-headed ogre
 11130 | D:11     | Reached skill level 10 in Fighting
 11130 | D:11     | Reached XP level 12. HP: 97/97 MP: 15/15
 11624 | D:11     | Noticed a two-headed ogre
 11633 | D:11     | Killed a two-headed ogre
 11634 | D:11     | Reached skill level 10 in Long Blades
 12357 | D:12     | Found a staircase to the Orcish Mines.
 12961 | D:12     | Noticed Lodul
 13150 | D:12     | Learned a level 1 spell: Summon Small Mammal
 13664 | D:12     | Killed Lodul
 13665 | D:12     | Reached XP level 13. HP: 91/105 MP: 19/19
 13667 | D:12     | Reached skill level 11 in Fighting
 13760 | Orc:1    | Entered Level 1 of the Orcish Mines
 13769 | Orc:1    | Noticed Sonja
 13802 | Orc:1    | Noticed an orc warlord
 13882 | D:12     | Reached skill level 5 in Summonings
 13910 | D:12     | Killed Sonja
 14059 | D:12     | Killed an orc warlord
 15555 | Orc:2    | Entered Level 2 of the Orcish Mines
 15706 | Orc:2    | Found a staircase to the Elven Halls.
 15791 | Orc:2    | Noticed Rupert
 15839 | Orc:2    | Killed Rupert
 15840 | Orc:2    | Reached skill level 5 in Invocations
 16075 | Orc:2    | Reached skill level 12 in Fighting
 17339 | Orc:2    | Found Warai's Antique Armour Emporium.
 17339 | Orc:2    | Found Uchuth's Magic Scroll Shoppe.
 17359 | Orc:2    | Found Fegoiwou's Distillery.
 17359 | Orc:2    | Found Zutaopt's Antique Weapon Shoppe.
 17617 | Orc:2    | Bought jewelled acid dragon scales for 1035 gold pieces
 17617 | Orc:2    | Identified the +4 acid dragon scales "Unenyru" {rCorr
                  | Dex+4} (You bought it in a shop on level 2 of the Orcish
                  | Mines)
 17633 | Orc:2    | Bought a pair of embroidered boots for 172 gold pieces
 17883 | D:4      | Bought a runed hat for 210 gold pieces
 18146 | Orc:2    | Bought a runed scimitar for 154 gold pieces
 18150 | Orc:2    | Bought a potion of haste for 140 gold pieces
 18273 | D:13     | Noticed Erolcha
 18286 | D:13     | Killed Erolcha
 18287 | D:13     | Reached XP level 14. HP: 111/116 MP: 20/20
 18541 | D:13     | Found Coucha Lide's Overcharged Wands.
 19789 | D:14     | Reached skill level 1 in Ranged Weapons
 20034 | D:14     | Reached skill level 5 in Dodging
 20038 | D:14     | Reached ****** piety under Uskayaw
 20210 | D:14     | Reached skill level 10 in Armour
 20357 | Lair:1   | Entered Level 1 of the Lair of Beasts
 21621 | Lair:2   | Found a hole to the Spider Nest.
 21725 | Lair:2   | Found a staircase to the Shoals.
 22324 | Lair:2   | Reached skill level 13 in Fighting
 22739 | Lair:3   | Noticed Fannar
 23690 | Lair:3   | Killed Fannar
 23974 | Lair:4   | Reached XP level 15. HP: 112/123 MP: 21/21
 24299 | Lair:4   | Noticed Nessos
 24320 | Lair:4   | Killed Nessos
 24912 | Lair:5   | Entered Level 5 of the Lair of Beasts
 27240 | Lair:5   | Identified the +8 sling of the Ghost {antimagic, Dex+4}
 27260 | Lair:5   | Found a runed translucent door.
 27262 | Lair:5   | Found a viscous altar of Jiyva.
 27264 | Lair:5   | Found a staircase to the Slime Pits.
 28199 | D:13     | Reached skill level 14 in Fighting
 28644 | D:13     | Reached XP level 16. HP: 50/133 MP: 8/22
 28893 | D:13     | Noticed a tengu reaver
 28951 | D:13     | Killed a tengu reaver
 29069 | D:13     | Identified the +0 halberd of the Special Stars {freeze,
                  | rElec Int-5 Stlth+}
 29528 | D:14     | Found a gate to the Vaults.
 29817 | D:15     | Entered Level 15 of the Dungeon
 30224 | D:15     | Found a glowing silver altar of Zin.
 30305 | D:15     | Found a staircase to the Depths.
 30460 | D:15     | Noticed Josephine
 30474 | D:15     | Killed Josephine
 30672 | D:15     | Found Loatuul's Assorted Antiques.
 30707 | D:15     | Reached skill level 5 in Ranged Weapons
 30797 | D:15     | Bought a glowing helmet for 232 gold pieces
 30815 | D:15     | Learned a level 3 spell: Summon Guardian Golem
 30967 | D:15     | Noticed Agnes
 30973 | D:15     | Killed Agnes
 31328 | Spider:1 | Entered Level 1 of the Spider Nest
 31662 | Spider:1 | Reached skill level 1 in Hexes
 32415 | Spider:1 | Noticed Azrael
 32441 | Spider:1 | Killed Azrael
 33149 | Spider:2 | Noticed Arachne
 33165 | Spider:2 | Killed Arachne
 33647 | Spider:1 | Reached XP level 17. HP: 75/140 MP: 3/23
 34198 | Spider:1 | Reached skill level 10 in Summonings
 35485 | Spider:3 | Reached skill level 5 in Spellcasting
 36372 | Spider:3 | Noticed Donald
 36388 | Spider:3 | Killed Donald
 36691 | Spider:4 | Entered Level 4 of the Spider Nest
 37456 | Spider:4 | Reached skill level 15 in Fighting
 37866 | Spider:4 | Identified the +2 falchion of the Skies Above {venom, *Slow
                  | rElec rF++ Int-3}
 38344 | Spider:4 | Reached skill level 10 in Dodging
 39139 | Spider:4 | Identified the +1 pair of gloves of Insurance {Regen+}
 39239 | Spider:4 | Reached XP level 18. HP: 128/149 MP: 0/25
 40191 | Spider:4 | Gained mutation: You expend magic power (3 MP) to
                  | strengthen your wands. [mutagenic glow]
 40294 | Spider:4 | Reached skill level 5 in Hexes
 40898 | Spider:4 | Got a gossamer rune of Zot
 41478 | Vaults:1 | Entered Level 1 of the Vaults
 41608 | Vaults:1 | Found Cenlutoosor's General Store.
 41975 | Vaults:1 | Killed from afar by a crystal guardian

Illustrated notes

Levels and vault maps discovered:
D:1:      heliophobic_arrival_glass_houses, layout_basic
D:2:      layout_basic, hangedman_decor_clover_reticule
D:3:      layout_loops_ring, serial_glass, glass_columns_b, glass_columns_a,
          due_unseen_surprise, item_on_display_b, basic_ecumenical_altar
D:4:      layout_loops_ring, serial_shops, shop, nicolae_inconvenience_store,
          nicolae_shop_crystal
D:5:      wad_crossroads, layout_basic, minmay_misc_feat_tiny
D:6:      layout_loops_ring, serial_shops, nicolae_stop_n_shop_1,
          minmay_fractal_squares_diagonal_5, uniq_edmund, uniq_blork_the_orc,
          uniq_maggie, uniq_crazy_yiuf_cottage
D:7:      layout_basic, minmay_temple_entry_junction_2, minivault_23
D:8:      layout_rooms, grunt_lair_entry_orc_guard_hut, minmay_curled_crystal,
          uniq_psyche, uniq_amaemon, uniq_pikel
D:9:      layout_rooms, nicolae_overflow_hidden_temple
D:10:     layout_cave_pods
D:11:     layout_gridville
D:12:     layout_roguey, orc_0_dummy, uniq_lodul
D:13:     cross_vault, layout_stronghold, nicolae_shop_overcharged_wands,
          uniq_erolcha
D:14:     layout_basic, erik_vaults_2, skrybe_limestone_x,
          kennysheep_inner_square
D:15:     hangedman_depths_entry_try_elsewhere_first, layout_basic,
          serial_shops, nicolae_diamond_shop, zin_angel, uniq_josephine,
          uniq_agnes
Temple:   mainiacjoe_temple_archimedes_tessellation
Lair:1:   layout_small_grid, hibernation_bobbens
Lair:2:   layout_loops_ring, shoals_dummy_entry, spider_nest_entry_rubble,
          beast_lair_carwin_11, lemuel_fruit_fields
Lair:3:   layout_chaotic_city, minivault_23, uniq_fannar
Lair:4:   layout_hall_layers, evilmike_ambush [evilmike_ambush_outer_basic,
          evilmike_ambush_inner_pond], uniq_nessos
Lair:5:   minmay_lair_end_frog_pond, layout_misc_corridors, slime_entry_2,
          infiniplex_staircase_pool_2
Spider:1: layout_spider_delve, nicolae_spider_webbed_stairs, uniq_azrael
Spider:2: layout_spider_delve, uniq_arachne
Spider:3: layout_cave_pods, uniq_donald
Spider:4: grunt_spider_rune_parallel, hellmonk_motheaten_closet
Orc:1:    layout_caves, mines2_david, uniq_sonja
Orc:2:    st_orc_mages, layout_caves, uniq_rupert
Vaults:1: hangedman_vaults_river_flow, v_alt_pattern_4, vaults_room_hallway,
          st_more_cells, nicolae_vaults_border_crossing, vaults_dpeg_cross,
          hangedman_vaults_stagger, vaults_room_fours, vaults_dpeg_hooks,
          layout_vaults_quadrants, serial_shops, shop

Skill      XL: |  1  2  3  4  5  6  7  8  9 10 11 12 13 14 15 16 17 18 |
---------------+-------------------------------------------------------+-----
Dodging        | 1 2 4 6 7 9 10 | 10.0
Fighting       | 2 3 4 5 8 9 10 12 13 14 15 | 15.5
Throwing       | 1 2 3 |  3.0
Long Blades    | 1 2 3 5 8 9 10 11 12 13 14 | 14.3
Armour         | 5 6 7 9 10 11 | 11.0
Shields        | 2 3 9 10 | 10.0
Spellcasting   | 1 2 4 5 |  5.0
Summonings     | 1 2 4 6 7 8 9 10 | 10.0
Invocations    | 3 5 6 7 8 9 |  9.8
Evocations     | 3 |  3.0
Ranged Weapons | 3 5 7 8 |  8.1
Hexes          | 2 4 5 |  5.0
Short Blades   | |  4.0
Stealth        | |  1.0

Action                   |  1- 3 |  4- 6 |  7- 9 | 10-12 | 13-15 | 16-18 || total
-------------------------+-------+-------+-------+-------+-------+-------++-------
Melee: Short sword       |   129 |     7 |       |       |    93 |       ||   229
       Dagger            |       |   297 |   321 |       |       |       ||   618
       Punch             |       |     2 |     6 |       |       |       ||     8
       Long sword        |       |       |   115 |   621 |  1560 |    48 ||  2344
       Scimitar          |       |       |       |       |       |  1128 ||  1128
 Fire: Sling             |       |       |       |       |    63 |   168 ||   231
Throw: Boomerang         |       |    20 |    36 |     4 |       |       ||    60
       Throwing net      |       |       |       |     3 |       |     1 ||     4
       Dart              |       |       |       |    15 |    44 |     2 ||    61
       Javelin           |       |       |       |    14 |    27 |    11 ||    52
 Cast: Summon Small Mamm |       |       |       |       |    38 |   118 ||   156
       Call Canine Famil |       |       |       |       |    18 |    68 ||    86
       Summon Guardian G |       |       |       |       |       |     3 ||     3
Invok: Stomp             |       |       |       |     1 |     2 |     2 ||     5
       Line Pass         |       |       |       |     1 |     1 |     1 ||     3
Evoke: Wand              |       |       |       |     5 |    18 |    13 ||    36
       Phantom mirror    |       |       |       |       |       |     1 ||     1
       Condenser vane    |       |       |       |       |       |     1 ||     1
  Use: Scroll            |     1 |     4 |     7 |    11 |    11 |     4 ||    38
       Potion            |       |     4 |     3 |     3 |     4 |     8 ||    22
 Stab: Paralysed         |       |       |       |    30 |    94 |    80 ||   204
       Held in net/web   |       |       |       |     2 |       |       ||     2
       Sleeping          |       |       |       |     1 |     8 |     4 ||    13
       Confused          |       |       |       |     1 |     1 |       ||     2
       Distracted        |       |       |       |       |     8 |    17 ||    25
       Invisible         |       |       |       |       |       |     5 ||     5
Armor: Scale mail        |    59 |   162 |   154 |       |       |       ||   375
       Ring mail         |       |       |    50 |   206 |   171 |       ||   427
       Acid dragon scale |       |       |       |       |   344 |   479 ||   823
Dodge: Dodged            |    50 |   111 |   180 |   138 |   619 |   843 ||  1941
Block: Kite shield       |       |       |       |   421 |   832 |       ||  1253
       Reflection        |       |       |       |     4 |    20 |    16 ||    40
       Buckler           |       |       |       |       |   401 |   947 ||  1348

Table legend: (Time is in decaauts)
 A = Elapsed time spent in this place.
 B = Non-inter-level travel time spent in this place.
 C = Inter-level travel time spent in this place.
 D = Time resting spent in this place.
 E = Time spent auto-exploring this place.
 F = Levels seen in this place.
 G = Mean time per level.
                   A        B        C        D        E       F      G
               +--------+--------+--------+--------+--------+-----+--------+
         Total |  41562 |  37703 |   3859 |   9507 |  17348 |  28 | 1484.4 |
       Dungeon |  20477 |  17991 |   2486 |   3420 |   9626 |  15 | 1365.1 |
        Temple |    279 |    208 |     71 |      0 |    174 |   1 |  279.0 |
          Lair |   7593 |   7001 |    592 |   1236 |   3710 |   5 | 1518.6 |
   Spider Nest |   9758 |   9328 |    430 |   4162 |   2633 |   4 | 2439.5 |
  Orcish Mines |   2979 |   2701 |    278 |    535 |   1046 |   2 | 1489.5 |
        Vaults |    473 |    473 |      0 |    153 |    159 |   1 |  473.0 |
               +--------+--------+--------+--------+--------+-----+--------+

Top non-repeatable levels by time:
Spider:4: 3108 daAuts
Spider:3: 2800 daAuts
    D:12: 2765 daAuts
Spider:1: 2444 daAuts
  Lair:4: 2400 daAuts
   Orc:2: 2223 daAuts
    D:13: 2109 daAuts
     D:5: 1781 daAuts
    D:14: 1753 daAuts
  Lair:5: 1724 daAuts
     D:6: 1494 daAuts
     D:4: 1417 daAuts
Spider:2: 1404 daAuts
    D:15: 1343 daAuts
  Lair:1: 1286 daAuts
